Match 38803430
Unlisted

Match 38803430
End
Construct Section Command Post
Royal Engineer Section
Selects Air and Sea Battlegroup
Infantry Section
Vickers Machine Gun Team
Grenade Package
Infantry Section
Infantry Section
Construct Platoon Command Post
Selects Commando Section Paradrop
matjouz
Sarmynation
Porygon
yoon303a
0
0

Comments sign in to comment!

No comments posted yet!